AoeStats
← [CL] Al3jandr0.magn00

Arabia

505527217Analyzed
1v1 RM · 22d ago on Sep 9, 2026· 85m 3s· 2 players
Game mode
Random Map
Map size
Tiny (2 player)
Population
200
Speed
Normal
Resources
Standard
Victory
Conquest
Starting age
Dark Age
Ending age
Imperial Age
RankedLock teamsTeams togetherTeam positionsShared explorationLock speedFull tech treeHidden civsTurbo modeCheats
Victory
Defeat
🇦🇷 Italians · Argentina
1938
+17
🇦🇷 Teutons · Argentina
1963
-17
Hippieee
6:27 Loom
8:31 Feudal Age
9:25 Double-Bit Axe
11:27 Loom
15:49 Fletching
22:12 Castle Age
20:27 Horse Collar
22:18 Crossbowman
23:09 Bodkin Arrow
23:26 Bow Saw
26:47 Wheelbarrow
30:10 Ballistics
30:45 Hand Cart
30:46 Padded Archer Armor
31:21 Bloodlines
32:10 Scale Barding Armor
33:02 Gold Mining
37:28 Imperial Age
36:33 Forging
38:00 Leather Archer Armor
38:09 Bracer
39:12 Chemistry
37:47 Cavalier
38:27 Husbandry
37:56 Arbalester
38:41 Thumb Ring
41:33 Two-Man Saw
40:50 Capped Ram
45:54 Chain Barding Armor
46:09 Iron Casting
49:05 Light Cavalry
50:53 Conscription
51:04 Hussar
53:03 Plate Barding Armor
55:00 Blast Furnace
56:04 Leather Archer Armor
55:51 Heavy Plow
57:58 Elite Genoese Crossbowman
62:48 Ring Archer Armor
69:45 Crop Rotation
82:35 Elite Skirmisher
[CL] Al3jandr0.magn00
6:02 Loom
8:52 Feudal Age
10:21 Man-at-Arms
16:12 Double-Bit Axe
18:36 Fletching
22:09 Castle Age
21:00 Padded Archer Armor
21:24 Scale Barding Armor
21:10 Horse Collar
22:12 Gold Mining
22:50 Bodkin Arrow
22:19 Elite Skirmisher
24:04 Leather Archer Armor
24:50 Bloodlines
25:05 Bow Saw
25:39 Scale Barding Armor
30:26 Town Watch
31:17 Wheelbarrow
36:41 Imperial Age
35:16 Chain Barding Armor
36:25 Hand Cart
36:14 Heavy Plow
36:53 Scale Mail Armor
37:05 Forging
38:09 Plate Barding Armor
37:24 Cavalier
39:35 Forging
41:26 Crop Rotation
41:35 Crenellations
42:36 Conscription
43:11 Ring Archer Armor
49:54 Chemistry
50:24 Iron Casting
51:50 Ballistics
54:01 Paladin
56:56 Guard Tower
58:17 Keep
57:52 Masonry
63:20 Blast Furnace
65:18 Capped Ram
77:24 Scale Mail Armor
76:45 Pikeman
77:26 Squires
78:46 Halberdier
Connection lost

Rejoining the realm…

Still unreachable

The connection could not be restored.

Session expired

The server has moved on; the page needs a fresh start.